[ AOE2 MATCH · #468967239 ]
UnrankedTurks vs Bohemians
[ REPLAY ANALYSIS · EXTRACTED FROM THE RECORDED GAME ]
Feudal
11:46
Castle
15:16
Imperial
30:35
| APM avg | 54.1 |
| APM peak | 97 |
| eAPM avg | 30.5 |
| Villagers / military | 159 / 85 |
Focus
⚔️ 22.1% · 🌾 77.9%
Janissary ×66 · Scout Cavalry ×12 · Bombard Cannon ×5 · Monk ×2
Feudal
11:02
Castle
14:58
Imperial
35:01
| APM avg | 32.2 |
| APM peak | 65 |
| eAPM avg | 16.6 |
| Villagers / military | 88 / 66 |
Focus
⚔️ 36.0% · 🌾 64.0%
Hand Cannoneer ×55 · Spearman ×3 · Battering Ram ×3 · Archer ×2 · Bombard Cannon ×2 · Monk ×1
Feudal
11:48
Castle
16:09
Imperial
30:11
| APM avg | 26.9 |
| APM peak | 54 |
| eAPM avg | 14.6 |
| Villagers / military | 63 / 50 |
Focus
⚔️ 29.8% · 🌾 70.2%
Obuch ×23 · Petard ×12 · Monk ×11 · Battering Ram ×2 · Trebuchet (Packed) ×2
Feudal
11:21
Castle
15:22
Imperial
33:47
| APM avg | 60.3 |
| APM peak | 103 |
| eAPM avg | 36.3 |
| Villagers / military | 82 / 59 |
Focus
⚔️ 35.7% · 🌾 64.3%
Steppe Lancer ×22 · Scout Cavalry ×19 · Battering Ram ×8 · Monk ×5 · Iron Pagoda ×4 · Spearman ×1
Match map
Initial resources + every placement click. Lines = walls · curves = elevation contours. ◆ gold · ⬟ stone · ● berries · ✦ relic · ◌ wall gap
Your base· ✓ Closed at 15:16 · 0t walls · 2 gate(s)
VL Formolin's base· ✓ Closed at 14:58 · 0t walls · 2 gate(s)
NarKofer's base· ✓ Closed at 16:09 · 0t walls · 2 gate(s)
VL Carlos Manzo's base· ✓ Closed at 15:22 · 0t walls · 2 gate(s)
Smoothed initial terrain · ◌ = detected wall gap · hover for details
Inputs per minute
— DsBattleCat - - VL Formolin
Build order — DsBattleCat
First 150 of 431 actions detected
| 0:00 | Create | Villager (Male) |
| 0:00 | Create | Villager (Male) |
| 0:02 | Build | House |
| 0:04 | Build | House |
| 0:07 | Create | Villager (Male) |
| 0:07 | Create | Villager (Male) |
| 0:07 | Create | Villager (Male) |
| 0:07 | Create | Villager (Male) |
| 1:23 | Create | Villager (Male) |
| 1:23 | Create | Villager (Male) |
| 1:43 | Build | Lumber Camp |
| 1:50 | Build | Lumber Camp |
| 2:06 | Create | Villager (Male) |
| 2:06 | Create | Villager (Male) |
| 2:16 | Create | Villager (Male) |
| 2:16 | Create | Villager (Male) |
| 2:43 | Create | Villager (Male) |
| 3:07 | Create | Villager (Male) |
| 3:07 | Create | Villager (Male) |
| 3:31 | Create | Villager (Male) |
| 3:31 | Create | Villager (Male) |
| 3:31 | Create | Villager (Male) |
| 4:03 | Build | House |
| 4:04 | Build | House |
| 4:07 | Create | Villager (Male) |
| 4:07 | Create | Villager (Male) |
| 4:28 | Build | House |
| 4:31 | Create | Villager (Male) |
| 4:31 | Create | Villager (Male) |
| 4:31 | Create | Villager (Male) |
| 5:00 | Create | Villager (Male) |
| 5:00 | Create | Villager (Male) |
| 5:10 | Build | Mill |
| 5:37 | Create | Villager (Male) |
| 5:58 | Create | Villager (Male) |
| 5:59 | Create | Villager (Male) |
| 6:50 | Create | Villager (Male) |
| 6:50 | Create | Villager (Male) |
| 6:58 | Build | Mill |
| 7:09 | Build | Farm |
| 7:18 | Create | Villager (Male) |
| 7:47 | Create | Villager (Male) |
| 8:05 | Create | Villager (Male) |
| 8:11 | Create | Villager (Male) |
| 8:22 | Build | Farm |
| 8:29 | Build | Mining Camp |
| 8:57 | Research | Feudal Age |
| 9:17 | Build | Mining Camp |
| 10:29 | Create | Villager (Male) |
| 10:30 | Create | Villager (Male) |
| 10:42 | Build | Farm |
| 11:46 | Age | Feudal Age |
| 11:47 | Build | Market |
| 11:49 | Build | Blacksmith |
| 11:51 | Build | House |
| 12:33 | Research | Castle Age |
| 12:33 | Research | Castle Age |
| 12:53 | Research | Double-Bit Axe |
| 12:53 | Research | Double-Bit Axe |
| 13:00 | Build | Farm |
| 13:34 | Create | Villager (Male) |
| 13:38 | Research | Horse Collar |
| 13:38 | Research | Horse Collar |
| 14:03 | Create | Villager (Male) |
| 15:16 | Age | Castle Age |
| 15:20 | Build | Town Center |
| 15:23 | Create | Villager (Male) |
| 15:25 | Research | Bow Saw |
| 15:25 | Research | Bow Saw |
| 15:46 | Build | Farm |
| 15:52 | Build | Farm |
| 15:56 | Create | Villager (Male) |
| 16:05 | Build | Farm |
| 16:05 | Build | Farm |
| 16:18 | Build | Castle |
| 16:20 | Create | Villager (Male) |
| 16:24 | Build | Farm |
| 16:45 | Create | Villager (Male) |
| 16:45 | Create | Villager (Male) |
| 16:45 | Create | Villager (Male) |
| 16:47 | Create | Villager (Male) |
| 16:47 | Create | Villager (Male) |
| 16:47 | Create | Villager (Male) |
| 16:51 | Build | Farm |
| 16:53 | Build | Farm |
| 16:55 | Build | Farm |
| 16:59 | Build | Farm |
| 17:00 | Build | Farm |
| 17:03 | Create | Villager (Male) |
| 17:09 | Build | Farm |
| 17:11 | Create | Villager (Male) |
| 17:13 | Build | House |
| 17:26 | Create | Villager (Male) |
| 17:30 | Build | Farm |
| 17:32 | Build | Farm |
| 17:36 | Create | Villager (Male) |
| 17:39 | Build | Farm |
| 17:49 | Create | Villager (Male) |
| 18:01 | Create | Villager (Male) |
| 18:10 | Create | Villager (Male) |
| 18:14 | Build | Farm |
| 18:16 | Build | Farm |
| 18:17 | Build | Farm |
| 18:21 | Build | Farm |
| 18:21 | Create | Villager (Male) |
| 18:26 | Build | Farm |
| 18:29 | Build | House |
| 18:30 | Build | House |
| 18:34 | Create | Villager (Male) |
| 18:34 | Create | Villager (Male) |
| 18:52 | Create | Villager (Male) |
| 18:53 | Create | Villager (Male) |
| 19:01 | Create | Janissary |
| 19:08 | Build | Town Center |
| 19:17 | Research | Wheelbarrow |
| 19:17 | Research | Wheelbarrow |
| 19:25 | Create | Villager (Male) |
| 19:26 | Create | Villager (Male) |
| 19:36 | Build | Farm |
| 19:41 | Build | Farm |
| 19:42 | Create | Villager (Male) |
| 19:42 | Create | Villager (Male) |
| 19:49 | Create | Villager (Male) |
| 19:54 | Create | Janissary |
| 20:03 | Build | Gate |
| 20:05 | Build | House |
| 20:06 | Build | House |
| 20:07 | Build | House |
| 20:08 | Create | Villager (Male) |
| 20:12 | Create | Villager (Male) |
| 20:30 | Create | Janissary |
| 20:30 | Create | Villager (Male) |
| 20:30 | Create | Villager (Male) |
| 20:30 | Create | Villager (Male) |
| 20:35 | Build | Farm |
| 20:36 | Build | Farm |
| 20:37 | Build | Farm |
| 20:38 | Build | Farm |
| 20:46 | Create | Villager (Male) |
| 20:46 | Create | Villager (Male) |
| 20:46 | Create | Villager (Male) |
| 21:01 | Create | Villager (Male) |
| 21:15 | Build | House |
| 21:16 | Build | Monastery |
| 21:17 | Create | Villager (Male) |
| 21:18 | Build | Farm |
| 21:21 | Build | Farm |
| 21:21 | Create | Villager (Male) |
| 21:28 | Create | Villager (Male) |
| 21:36 | Create | Janissary |
Build order — VL Formolin
First 150 of 271 actions detected
| 0:00 | Create | Villager (Male) |
| 0:01 | Create | Villager (Male) |
| 0:01 | Create | Villager (Male) |
| 0:02 | Build | House |
| 0:03 | Create | Villager (Male) |
| 0:03 | Create | Villager (Male) |
| 0:04 | Build | House |
| 1:35 | Create | Villager (Male) |
| 1:35 | Create | Villager (Male) |
| 1:48 | Build | Lumber Camp |
| 2:08 | Create | Villager (Male) |
| 2:27 | Create | Villager (Male) |
| 2:56 | Create | Villager (Male) |
| 3:02 | Create | Villager (Male) |
| 3:15 | Build | House |
| 3:37 | Create | Villager (Male) |
| 3:42 | Build | House |
| 4:15 | Create | Villager (Male) |
| 4:41 | Create | Villager (Male) |
| 4:42 | Create | Villager (Male) |
| 5:03 | Create | Villager (Male) |
| 5:45 | Build | Mill |
| 5:51 | Create | Villager (Male) |
| 5:54 | Create | Villager (Male) |
| 6:45 | Create | Villager (Male) |
| 6:55 | Build | Farm |
| 6:58 | Build | Farm |
| 7:05 | Build | Farm |
| 7:09 | Build | Farm |
| 7:10 | Create | Villager (Male) |
| 7:32 | Create | Villager (Male) |
| 8:02 | Create | Villager (Male) |
| 8:04 | Create | Villager (Male) |
| 8:12 | Build | Mill |
| 8:17 | Create | Villager (Male) |
| 8:40 | Build | Farm |
| 8:44 | Research | Feudal Age |
| 9:19 | Build | House |
| 9:41 | Build | Mining Camp |
| 10:09 | Build | Farm |
| 10:37 | Create | Villager (Male) |
| 10:37 | Create | Villager (Male) |
| 11:02 | Age | Feudal Age |
| 11:07 | Build | Market |
| 11:11 | Build | Blacksmith |
| 11:20 | Build | Farm |
| 12:13 | Build | Barracks |
| 12:18 | Research | Castle Age |
| 12:18 | Research | Castle Age |
| 12:30 | Research | Double-Bit Axe |
| 12:49 | Research | Horse Collar |
| 13:09 | Build | House |
| 13:14 | Create | Spearman |
| 13:44 | Create | Spearman |
| 13:51 | Build | House |
| 14:14 | Create | Spearman |
| 14:47 | Create | Villager (Male) |
| 14:58 | Age | Castle Age |
| 15:01 | Research | Bow Saw |
| 15:07 | Build | University |
| 15:23 | Create | Villager (Male) |
| 15:26 | Build | Farm |
| 15:43 | Build | Archery Range |
| 15:50 | Create | Villager (Male) |
| 15:51 | Create | Villager (Male) |
| 16:16 | Create | Villager (Male) |
| 16:32 | Build | Farm |
| 16:40 | Research | Padded Archer Armor |
| 16:42 | Create | Villager (Male) |
| 17:05 | Build | Lumber Camp |
| 17:09 | Create | Villager (Male) |
| 17:18 | Build | House |
| 17:25 | Build | House |
| 17:42 | Research | Chemistry |
| 17:44 | Create | Villager (Male) |
| 17:57 | Build | Farm |
| 18:06 | Build | Siege Workshop |
| 18:16 | Create | Villager (Male) |
| 18:22 | Build | Farm |
| 18:29 | Build | Farm |
| 18:37 | Research | Leather Archer Armor |
| 19:02 | Build | Farm |
| 19:04 | Create | Villager (Male) |
| 19:09 | Create | Villager (Male) |
| 19:18 | Build | Farm |
| 19:22 | Create | Battering Ram |
| 19:22 | Create | Battering Ram |
| 19:27 | Build | Outpost |
| 19:31 | Research | Town Watch |
| 19:40 | Create | Hand Cannoneer |
| 19:40 | Create | Hand Cannoneer |
| 19:40 | Create | Hand Cannoneer |
| 19:58 | Build | Outpost |
| 20:06 | Create | Hand Cannoneer |
| 20:07 | Create | Hand Cannoneer |
| 20:10 | Create | Villager (Male) |
| 20:10 | Create | Villager (Male) |
| 20:15 | Build | Farm |
| 20:24 | Research | Heavy Plow |
| 20:25 | Create | Villager (Male) |
| 20:43 | Create | Hand Cannoneer |
| 20:43 | Create | Hand Cannoneer |
| 20:43 | Create | Hand Cannoneer |
| 20:57 | Build | Farm |
| 21:00 | Build | Farm |
| 21:01 | Create | Villager (Male) |
| 21:14 | Build | Monastery |
| 21:17 | Create | Villager (Male) |
| 21:20 | Create | Hand Cannoneer |
| 21:20 | Create | Hand Cannoneer |
| 21:41 | Create | Battering Ram |
| 22:08 | Create | Hand Cannoneer |
| 22:08 | Create | Hand Cannoneer |
| 22:11 | Create | Villager (Male) |
| 22:11 | Create | Villager (Male) |
| 22:14 | Build | Town Center |
| 22:18 | Build | House |
| 22:21 | Research | Fervor |
| 22:27 | Research | Wheelbarrow |
| 22:28 | Research | Loom |
| 22:38 | Build | House |
| 22:40 | Build | House |
| 22:40 | Build | House |
| 22:42 | Build | House |
| 22:42 | Build | House |
| 22:54 | Build | Lumber Camp |
| 23:34 | Build | Archery Range |
| 24:06 | Create | Hand Cannoneer |
| 24:07 | Create | Hand Cannoneer |
| 24:07 | Create | Villager (Male) |
| 24:08 | Create | Villager (Male) |
| 24:08 | Create | Villager (Male) |
| 24:08 | Create | Villager (Male) |
| 24:08 | Create | Villager (Male) |
| 24:12 | Create | Villager (Male) |
| 24:12 | Create | Villager (Male) |
| 24:32 | Create | Villager (Male) |
| 24:35 | Create | Villager (Male) |
| 24:36 | Create | Villager (Male) |
| 24:36 | Create | Villager (Male) |
| 24:40 | Build | House |
| 24:41 | Build | House |
| 24:42 | Build | House |
| 24:45 | Build | House |
| 24:48 | Build | Farm |
| 24:57 | Create | Hand Cannoneer |
| 24:57 | Create | Hand Cannoneer |
| 24:57 | Create | Hand Cannoneer |
| 24:57 | Create | Hand Cannoneer |
| 24:57 | Create | Hand Cannoneer |
Build order — NarKofer
First 150 of 157 actions detected
| 0:00 | Create | Villager (Male) |
| 0:01 | Create | Villager (Male) |
| 0:01 | Create | Villager (Male) |
| 0:02 | Build | House |
| 0:03 | Build | House |
| 0:09 | Create | Villager (Male) |
| 0:09 | Create | Villager (Male) |
| 1:32 | Create | Villager (Male) |
| 1:32 | Create | Villager (Male) |
| 2:04 | Create | Villager (Male) |
| 2:16 | Create | Villager (Male) |
| 2:16 | Create | Villager (Male) |
| 2:49 | Create | Villager (Male) |
| 2:49 | Create | Villager (Male) |
| 3:11 | Build | Lumber Camp |
| 3:15 | Create | Villager (Male) |
| 3:15 | Create | Villager (Male) |
| 3:28 | Build | House |
| 3:43 | Create | Villager (Male) |
| 3:56 | Create | Villager (Male) |
| 3:56 | Create | Villager (Male) |
| 3:56 | Create | Villager (Male) |
| 4:15 | Create | Villager (Male) |
| 4:15 | Create | Villager (Male) |
| 4:47 | Create | Villager (Male) |
| 5:28 | Build | Mill |
| 5:49 | Create | Villager (Male) |
| 6:04 | Create | Villager (Male) |
| 6:20 | Create | Villager (Male) |
| 6:42 | Create | Villager (Male) |
| 6:49 | Build | Mill |
| 7:11 | Create | Villager (Male) |
| 7:41 | Create | Villager (Male) |
| 7:41 | Create | Villager (Male) |
| 8:16 | Build | Mining Camp |
| 8:19 | Create | Villager (Male) |
| 8:52 | Create | Villager (Male) |
| 8:54 | Research | Feudal Age |
| 9:47 | Build | House |
| 10:28 | Build | Farm |
| 10:30 | Build | Farm |
| 10:31 | Build | Farm |
| 10:39 | Build | Farm |
| 10:47 | Build | Farm |
| 11:48 | Age | Feudal Age |
| 11:53 | Create | Villager (Male) |
| 11:54 | Create | Villager (Male) |
| 12:26 | Build | Market |
| 12:36 | Build | Blacksmith |
| 12:45 | Create | Villager (Male) |
| 13:29 | Research | Castle Age |
| 13:45 | Build | House |
| 14:42 | Create | Villager (Male) |
| 14:47 | Create | Villager (Male) |
| 15:35 | Research | Loom |
| 15:36 | Create | Villager (Male) |
| 16:09 | Age | Castle Age |
| 16:16 | Build | Castle |
| 16:23 | Build | House |
| 16:42 | Build | Palisade Gate |
| 16:46 | Create | Villager (Male) |
| 16:54 | Research | Double-Bit Axe |
| 17:07 | Build | Monastery |
| 17:12 | Create | Petard |
| 17:13 | Create | Petard |
| 17:26 | Build | Mining Camp |
| 17:33 | Create | Villager (Male) |
| 17:35 | Create | Villager (Male) |
| 18:02 | Create | Monk |
| 18:15 | Build | Farm |
| 18:16 | Build | Farm |
| 18:17 | Build | Farm |
| 18:19 | Build | Farm |
| 18:20 | Create | Villager (Male) |
| 18:22 | Create | Villager (Male) |
| 18:27 | Create | Petard |
| 18:27 | Create | Petard |
| 18:28 | Create | Petard |
| 18:48 | Create | Villager (Male) |
| 19:02 | Build | Farm |
| 19:12 | Create | Villager (Male) |
| 19:13 | Create | Villager (Male) |
| 19:22 | Create | Monk |
| 19:29 | Create | Petard |
| 19:29 | Create | Petard |
| 19:32 | Create | Villager (Male) |
| 19:35 | Build | Farm |
| 19:36 | Build | Farm |
| 20:37 | Build | Castle |
| 20:44 | Create | Monk |
| 20:52 | Build | House |
| 21:00 | Create | Villager (Male) |
| 21:01 | Create | Villager (Male) |
| 21:04 | Build | Farm |
| 21:05 | Build | Farm |
| 21:06 | Build | Farm |
| 21:10 | Create | Villager (Male) |
| 21:31 | Create | Petard |
| 21:31 | Create | Petard |
| 21:47 | Build | Siege Workshop |
| 22:11 | Create | Petard |
| 22:13 | Create | Petard |
| 22:15 | Create | Villager (Male) |
| 22:15 | Create | Villager (Male) |
| 22:43 | Create | Battering Ram |
| 22:48 | Build | Outpost |
| 22:55 | Build | Outpost |
| 22:57 | Research | Town Watch |
| 23:10 | Create | Villager (Male) |
| 23:21 | Create | Monk |
| 23:43 | Build | House |
| 23:49 | Create | Battering Ram |
| 23:53 | Create | Villager (Male) |
| 24:53 | Create | Villager (Male) |
| 24:53 | Create | Villager (Male) |
| 24:53 | Create | Villager (Male) |
| 24:56 | Build | Mining Camp |
| 25:02 | Create | Villager (Male) |
| 26:39 | Create | Monk |
| 26:45 | Build | Monastery |
| 27:01 | Research | Imperial Age |
| 27:28 | Build | Lumber Camp |
| 27:50 | Create | Monk |
| 27:51 | Create | Monk |
| 29:12 | Build | Castle |
| 29:17 | Research | Fletching |
| 30:11 | Age | Imperial Age |
| 30:17 | Create | Petard |
| 31:14 | Create | Monk |
| 31:14 | Create | Monk |
| 31:18 | Create | Trebuchet (Packed) |
| 31:18 | Create | Trebuchet (Packed) |
| 31:20 | Create | Obuch |
| 31:20 | Create | Obuch |
| 31:21 | Create | Obuch |
| 31:21 | Create | Obuch |
| 31:22 | Create | Obuch |
| 31:22 | Create | Obuch |
| 31:23 | Create | Obuch |
| 31:26 | Create | Villager (Male) |
| 31:29 | Create | Villager (Male) |
| 31:29 | Create | Villager (Male) |
| 31:30 | Create | Villager (Male) |
| 32:06 | Create | Obuch |
| 32:08 | Research | Bodkin Arrow |
| 32:20 | Build | House |
| 32:22 | Build | House |
| 33:07 | Create | Obuch ×5 |
| 33:07 | Create | Obuch ×5 |
| 33:07 | Create | Obuch ×5 |
Build order — VL Carlos Manzo
First 150 of 270 actions detected
| 0:00 | Create | Villager (Male) |
| 0:00 | Create | Villager (Male) |
| 0:01 | Build | House |
| 0:02 | Build | House |
| 0:10 | Create | Villager (Male) |
| 0:12 | Create | Villager (Male) |
| 1:26 | Create | Villager (Male) |
| 1:43 | Create | Villager (Male) |
| 2:03 | Build | Lumber Camp |
| 2:22 | Create | Villager (Male) |
| 2:37 | Create | Villager (Male) |
| 3:11 | Create | Villager (Male) |
| 3:28 | Create | Villager (Male) |
| 3:52 | Research | Loom |
| 4:12 | Build | House |
| 4:17 | Build | Mill |
| 4:36 | Create | Villager (Male) |
| 4:50 | Create | Villager (Male) |
| 5:06 | Create | Villager (Male) |
| 5:39 | Create | Villager (Male) |
| 5:48 | Create | Villager (Male) |
| 6:10 | Build | House |
| 6:28 | Create | Villager (Male) |
| 6:54 | Build | Mill |
| 7:02 | Create | Villager (Male) |
| 7:26 | Create | Villager (Male) |
| 7:38 | Create | Villager (Male) |
| 8:18 | Create | Villager (Male) |
| 8:30 | Build | Mining Camp |
| 8:39 | Research | Feudal Age |
| 8:42 | Create | Villager (Male) |
| 9:08 | Research | Feudal Age |
| 10:17 | Build | Barracks |
| 11:14 | Build | House |
| 11:21 | Age | Feudal Age |
| 11:22 | Create | Spearman |
| 11:22 | Create | Villager (Male) |
| 11:30 | Build | Market |
| 11:50 | Build | Stable |
| 12:12 | Create | Villager (Male) |
| 12:42 | Research | Castle Age |
| 12:42 | Research | Castle Age |
| 13:24 | Research | Double-Bit Axe |
| 13:24 | Research | Double-Bit Axe |
| 13:30 | Build | Farm |
| 13:35 | Build | Farm |
| 13:36 | Build | Farm |
| 13:37 | Build | Farm |
| 14:08 | Research | Horse Collar |
| 14:09 | Research | Horse Collar |
| 14:16 | Build | Farm |
| 14:21 | Build | Farm |
| 15:18 | Create | Villager (Male) |
| 15:22 | Age | Castle Age |
| 15:24 | Create | Steppe Lancer |
| 15:31 | Build | Town Center |
| 15:37 | Create | Steppe Lancer |
| 15:44 | Build | Farm |
| 15:48 | Create | Villager (Male) |
| 15:51 | Build | House |
| 16:04 | Create | Scout Cavalry |
| 16:20 | Build | Monastery |
| 16:26 | Build | Farm |
| 16:28 | Build | Farm |
| 16:29 | Create | Villager (Male) |
| 16:33 | Build | Farm |
| 16:35 | Create | Villager (Male) |
| 16:46 | Build | Farm |
| 16:48 | Create | Villager (Male) |
| 16:48 | Create | Villager (Male) |
| 16:50 | Create | Villager (Male) |
| 16:50 | Create | Villager (Male) |
| 17:03 | Build | Farm |
| 17:12 | Create | Villager (Male) |
| 17:18 | Build | Farm |
| 17:25 | Create | Steppe Lancer |
| 17:33 | Create | Villager (Male) |
| 17:36 | Build | Farm |
| 17:39 | Build | Farm |
| 17:55 | Create | Monk |
| 17:59 | Create | Villager (Male) |
| 18:01 | Build | House |
| 18:05 | Build | House |
| 18:07 | Create | Villager (Male) |
| 18:08 | Create | Villager (Male) |
| 18:10 | Build | Farm |
| 18:15 | Build | Lumber Camp |
| 18:43 | Research | Bow Saw |
| 18:43 | Research | Bow Saw |
| 18:47 | Create | Villager (Male) |
| 19:00 | Create | Steppe Lancer |
| 19:06 | Build | Farm |
| 19:12 | Create | Villager (Male) |
| 19:19 | Create | Villager (Male) |
| 19:38 | Create | Villager (Male) |
| 19:41 | Create | Villager (Male) |
| 19:54 | Create | Villager (Male) |
| 19:59 | Create | Villager (Male) |
| 20:05 | Create | Monk |
| 20:07 | Create | Villager (Male) |
| 20:10 | Build | House |
| 20:11 | Build | House |
| 20:23 | Create | Steppe Lancer |
| 20:34 | Build | House |
| 21:00 | Create | Villager (Male) |
| 21:06 | Build | Monastery |
| 21:07 | Create | Villager (Male) |
| 21:09 | Create | Steppe Lancer |
| 21:15 | Create | Villager (Male) |
| 21:25 | Build | Stable |
| 21:26 | Create | Villager (Male) |
| 21:31 | Build | Mill |
| 21:32 | Build | Farm |
| 21:32 | Build | Farm |
| 21:32 | Build | Farm |
| 21:32 | Build | Farm |
| 21:32 | Build | Farm |
| 21:33 | Build | Farm |
| 21:34 | Create | Villager (Male) |
| 22:01 | Create | Villager (Male) |
| 22:04 | Create | Villager (Male) |
| 22:08 | Create | Scout Cavalry |
| 22:09 | Create | Villager (Male) |
| 22:16 | Build | Farm |
| 22:18 | Build | Farm |
| 22:18 | Create | Villager (Male) |
| 22:20 | Build | Mining Camp |
| 22:29 | Build | Farm |
| 22:34 | Build | Blacksmith |
| 22:38 | Create | Steppe Lancer |
| 22:45 | Create | Steppe Lancer |
| 22:48 | Build | Farm |
| 22:48 | Build | Farm |
| 22:49 | Build | Farm |
| 22:50 | Build | Farm |
| 22:58 | Create | Monk |
| 23:02 | Build | House |
| 23:21 | Build | Farm |
| 23:37 | Build | Siege Workshop |
| 23:39 | Create | Villager (Male) |
| 23:44 | Research | Bloodlines |
| 23:44 | Research | Bloodlines |
| 23:44 | Research | Scale Barding Armor |
| 23:45 | Research | Scale Barding Armor |
| 23:48 | Build | Farm |
| 23:55 | Create | Villager (Male) |
| 23:58 | Create | Monk |
| 23:59 | Create | Villager (Male) |
| 24:17 | Create | Iron Pagoda |
| 24:17 | Create | Iron Pagoda |
Match timeline
| 10:17 | VL Carlos Manzo · first_building Barracks |
| 11:02 | VL Formolin · age_up feudal |
| 11:21 | VL Carlos Manzo · age_up feudal |
| 11:46 | DsBattleCat · age_up feudal |
| 11:48 | NarKofer · age_up feudal |
| 11:50 | VL Carlos Manzo · first_building Stable |
| 12:13 | VL Formolin · first_building Barracks |
| 14:58 | VL Formolin · age_up castle |
| 15:16 | DsBattleCat · age_up castle |
| 15:22 | VL Carlos Manzo · age_up castle |
| 15:43 | VL Formolin · first_building Archery Range |
| 16:09 | NarKofer · age_up castle |
| 16:16 | NarKofer · first_building Castle |
| 16:18 | DsBattleCat · first_building Castle |
| 16:20 | VL Carlos Manzo · first_building Monastery |
| 16:47 | DsBattleCat · first_market_buy 100 food |
| 16:50 | VL Carlos Manzo · first_market_buy 100 food |
| 17:07 | NarKofer · first_building Monastery |
| 18:06 | VL Formolin · first_building Siege Workshop |
| 21:14 | VL Formolin · first_building Monastery |
| 21:16 | DsBattleCat · first_building Monastery |
| 21:47 | NarKofer · first_building Siege Workshop |
| 22:29 | NarKofer · first_market_sell 100 food |
| 22:40 | NarKofer · first_market_buy 100 wood |
| 22:48 | DsBattleCat · first_market_sell 100 wood |
| 23:37 | VL Carlos Manzo · first_building Siege Workshop |
| 25:17 | VL Carlos Manzo · first_market_sell 100 food |
| 27:19 | VL Carlos Manzo · first_building Castle |
| 27:50 | DsBattleCat · first_building Siege Workshop |
| 27:57 | DsBattleCat · first_building Barracks |
| 30:11 | NarKofer · age_up imperial |
| 30:35 | DsBattleCat · age_up imperial |
| 31:41 | VL Formolin · first_market_sell 500 wood |
| 31:42 | VL Formolin · first_market_buy 100 food |
| 32:40 | DsBattleCat · first_building Stable |
| 33:42 | VL Formolin · first_building Castle |
| 33:47 | VL Carlos Manzo · age_up imperial |
| 35:01 | VL Formolin · age_up imperial |
| 35:28 | VL Carlos Manzo · resign |
[ AI ANALYSIS · 1 CREDIT ]
What really happened in this match?
Wolo.gg analyzes every decision: build order, eco, micro, common mistakes by bracket. Personalized analysis on WhatsApp or Discord in 30 seconds.
Civ guide
Turks
Perfil
Jugador #21623801